 Dungeon Crawl Stone Soup version 0.25-a0-474-ga8a2ee3166 (webtiles) character file.

Game seed: 836507644874318188, levelgen mode: deterministic

71 ChaosChampion the Changer (level 4, 0/28 HPs)
             Began as an Octopode Transmuter on Feb 6, 2020.
             Slain by an ooze (5 damage)
             ... on level 2 of the Dungeon.
             The game lasted 00:02:40 (1696 turns).

ChaosChampion the Changer (Octopode Transmuter)     Turns: 1696, Time: 00:02:41

Health: 0/28       AC:  1    Str:  9    XL:     4   Next: 24%
Magic:  8/8        EV: 13    Int: 16    God:
Gold:   91         SH:  0    Dex: 12    Spells: 2/8 levels left

rFire    . . .     SeeInvis .     - Unarmed
rCold    . . .     Gourm    .   (no shield)
rNeg     . . .     Faith    .   (helmet restricted)
rPois    .         Spirit   .   (no amulet)
rElec    .         Reflect  .   (no ring)
rCorr    .         Harm     .   (no ring)
MR       .....                  (no ring)
Stlth    ++........             (no ring)
HPRegen  0.09/turn              (no ring)
MPRegen  0.11/turn              (no ring)
                                (no ring)
                                (no ring)

@: starving
A: almost no armour, stealthy swim, amphibious, 8 rings, constrict 8, camouflage
1, gelatinous body 1
a: no special abilities


You were on level 2 of the Dungeon.
You were starving.

You visited 1 branch of the dungeon, and saw 2 of its levels.

You collected 91 gold pieces.

Inventory:

Missiles
 a - 24 arrows
 f - 18 poisoned darts (quivered)
Jewellery
 k - an uncursed ring of ice {unknown}
Scrolls
 b - a scroll of remove curse {unknown}
 d - a scroll of identify {unknown}
 g - a scroll of immolation {unknown}
 h - 3 scrolls of teleportation {unknown}
 i - a scroll of fear {unknown}
 l - a scroll of enchant armour {unknown}
Potions
 e - a potion of agility {unknown}
 j - a potion of heal wounds {unknown}
Comestibles
 c - 2 rations


   Skills:
 - Level 1.0 Fighting
 - Level 2.1 Dodging
 - Level 0.2 Stealth
 - Level 3.2 Unarmed Combat
 + Level 2.7 Spellcasting
 * Level 3.4 Transmutations


You had 2 spell levels left.
You knew the following spells:

 Your Spells              Type           Power        Failure   Level  Hunger
a - Beastly Appendage     Tmut           ##....       4%          1    #......
b - Sticks to Snakes      Tmut           ##......     7%          2    ##.....
c - Spider Form           Tmut/Pois      #.........   28%         3    ###....

Your spell library contained the following spells:

 Spells                   Type           Power        Failure   Level  Hunger
 Ice Form                 Ice/Tmut       #.......     67%         4    #####..
 Blade Hands              Tmut           ##........   78%         5    ######.


Dungeon Overview and Level Annotations

Branches:
Dungeon (2/15)

Altars:
The Shining One


Innate Abilities, Weirdness & Mutations

You cannot wear most types of armour.
You are very stealthy in the water. (Stealth+)
You are amphibious.
You can wear up to eight rings at the same time.
You can use your tentacles to constrict eight enemies at once.
Your skin changes colour to match your surroundings (Stealth+).
Your rubbery body absorbs attacks. (AC +1, EV +1)


Message History

You tentacle-slap the ooze but do no damage.
The ooze is moderately wounded.
The ooze closely misses you.
You tentacle-slap the ooze.
The ooze is heavily wounded.
The ooze hits you.
You tentacle-slap the ooze.
The ooze is heavily wounded.
The ooze hits you.
You tentacle-slap the ooze.
The ooze is severely wounded.
The ooze hits you.
You tentacle-slap the ooze but do no damage.
The ooze is severely wounded.
The ooze hits you.
* * * LOW HITPOINT WARNING * * *
You barely miss the ooze.
The ooze is severely wounded.
The ooze hits you.
You die...

#. #.# #.# #.# #.#
#.######################
#>......J...............
#......@†...............
#.############# ##...#'#
#......# #...... ######'###
#...... #......# #......
##......# #####...#+#
#.######.......#####.......#.#
#........#.....'...+.........#
######..#.....#####....######


You could see an ooze.

Vanquished Creatures
  Jessica (D:2)
  2 adders (D:2)
  2 dart slugs
  A leopard gecko (D:1)
  A giant cockroach (D:2)
  3 goblins
  4 hobgoblins
  3 kobolds
  2 quokkas (D:2)
  2 frilled lizards (D:1)
  3 rats
24 creatures vanquished.

Vanquished Creatures (collateral kills)
  A goblin (D:2)
  A hobgoblin (D:1)
  A kobold (D:2)
3 creatures vanquished.

Vanquished Creatures (others)
  4 toadstools (D:1)
4 creatures vanquished.

Grand Total: 31 creatures vanquished

Notes
Turn   | Place    | Note
-------+----------+-------------------------------------------
     0 | D:1      | ChaosChampion the Octopode Transmuter began the quest for
                  | the Orb.
     0 | D:1      | Reached XP level 1. HP: 13/13 MP: 3/3
   109 | D:1      | Reached XP level 2. HP: 11/18 MP: 5/5
   113 | D:1      | Learned a level 2 spell: Sticks to Snakes
   748 | D:2      | Found a glowing golden altar of the Shining One.
   983 | D:2      | Noticed Jessica
   990 | D:2      | Killed Jessica
   990 | D:2      | Reached XP level 3. HP: 15/23 MP: 0/6
  1393 | D:2      | Reached XP level 4. HP: 19/28 MP: 3/8
  1439 | D:2      | Learned a level 3 spell: Spider Form
  1696 | D:2      | Slain by an ooze

Levels and vault maps discovered:
D:1:      ldierk_walled_garden_2, layout_basic, minmay_misc_feat_alley
D:2:      layout_basic, tso_metal_star, uniq_jessica

Skill      XL: |  1  2 |
---------------+-------+-----
Transmutations | 3 |  3.4
Fighting       | |  1.0
Dodging        | |  2.1
Stealth        | |  0.2
Unarmed Combat | |  3.2
Spellcasting   | |  2.7

Action                   |  1- 3 |  4- 6 || total
-------------------------+-------+-------++-------
Melee: Unarmed           |    55 |    18 ||    73
       Constrict         |    15 |       ||    15
       Tentacles         |     6 |       ||     6
       Kick              |     4 |       ||     4
       Punch             |     1 |       ||     1
 Cast: Beastly Appendage |    10 |       ||    10
       Sticks to Snakes  |     5 |       ||     5
       Spider Form       |       |     2 ||     2
 Stab: Sleeping          |     3 |       ||     3
  Eat: Chunk             |     1 |       ||     1
Armor: Skin              |     2 |       ||     2
Dodge: Dodged            |    29 |     9 ||    38

Table legend:
 A = Non-vault XP
 B = Vault XP
 C = Vault XP percentage of total XP
 D = Non-vault monster count
 E = Vault monster count
 F = Vault count percentage of total count
                 A         B        C        D         E       F
            +---------+---------+-------+---------+---------+-------
      Total |      69 |      33 |  32.4 |      26 |       1 |   3.7
            +---------+---------+-------+---------+---------+-------
        D:1 |      25 |       0 |   0.0 |      14 |       0 |   0.0
        D:2 |      44 |      33 |  42.9 |      12 |       1 |   7.7
            +---------+---------+-------+---------+---------+-------
